 Dungeon Crawl Stone Soup version 0.30-a0-989-g0d87f670db (webtiles) character file.

Game seed: 2059484088786385094

21 CryoSword the Poker (level 2, -1/24 HPs)
             Began as a Demonspawn Monk on Apr 4, 2023.
             Slain by a worm (11 damage)
             ... on level 2 of the Dungeon.
             The game lasted 00:00:51 (969 turns).

CryoSword the Poker (Demonspawn Monk)                Turns: 969, Time: 00:00:51

Health: -1/24      AC:  2    Str: 11    XL:     2   Next: 65%
Magic:  2/2        EV: 12    Int: 11    God:
Gold:   26         SH:  0    Dex: 15    Spells: 1/1 levels left

rFire   . . .      SeeInvis .    a - +0 spear
rCold   . . .      Faith    .    (no shield)
rNeg    + . .      Spirit   .    b - +0 robe
rPois   .          Reflect  .    (no helmet)
rElec   .          Rampage  .    (no cloak)
rCorr   .                        (no gloves)
Will    .....                    (no boots)
Stlth   ++                       (no amulet)
HPRegen 0.24/turn                h - ring of positive energy
MPRegen 0.08/turn                (no ring)

@: no status effects
A: spiny 1
a: no special abilities


You were on level 2 of the Dungeon.
You visited 1 branch of the dungeon, and saw 2 of its levels.

You collected 26 gold pieces.

Inventory:

Hand Weapons
 a - a +0 spear (weapon)
Missiles
 f - 3 poisoned darts (quivered)
Armour
 b - a +0 robe (worn)
 n - the +1 pair of boots of Weightlessness {Dex+5}
   (You found it on level 2 of the Dungeon)

   Dex:       It affects your dexterity (+5).
Jewellery
 h - a ring of positive energy (left hand)
   (You found it on level 1 of the Dungeon)
Scrolls
 e - a scroll of teleportation {@r4}
 g - a scroll of magic mapping {unknown}
 k - 2 scrolls of fog {unknown}
Potions
 c - a potion of ambrosia
 d - a potion of cancellation {unknown}
 i - a potion of mutation {unknown}
 j - a potion of brilliance {unknown}
 l - a potion of resistance {unknown}
 m - a potion of curing {unknown}
 o - a potion of attraction {unknown}


   Skills:
 - Level 3.0 Fighting
 + Level 3.6 Polearms
 - Level 2.6 Dodging
 - Level 1.7 Stealth


You had one spell level left.
You didn't know any spells.
Your spell library was empty.

Dungeon Overview and Level Annotations

Branches:
Dungeon (2/15)

Altars:


Innate Abilities, Weirdness & Mutations

You are partially covered in sharp spines.


Message History

No target in view!
No target in view!
No target in view!
No target in view!
No target in view!
No target in view!
A ball python comes into view.
A ball python is nearby!
A ball python is nearby!
The ball python hisses angrily.
A ball python comes into view. x2
You reach to attack!
You hit the ball python.
The ball python hisses angrily.
You closely miss the ball python.
The ball python is struck by your spines.
You kill the ball python!
You hit the ball python.
You kill the ball python!
The ball python is struck by your spines.
The ball python misses you.
The ball python bites you but does no damage.
You hit the ball python.
You kill the ball python!
No target in view!
No target in view!
No target in view!
No target in view!
No target in view!
No target in view!
No target in view!
No target in view!
No target in view!
No target in view!
No target in view!
You see here a ball python corpse.
A frilled lizard comes into view.
The frilled lizard hisses angrily.
A kobold comes into view. It is wielding a +0 whip.
There are monsters nearby!
There are monsters nearby!
The kobold shouts!
You reach to attack!
You closely miss the frilled lizard. You barely miss the frilled lizard.
The frilled lizard bites you but does no damage.
You miss the frilled lizard. You hit the frilled lizard.
You kill the frilled lizard!
You hit the kobold.
You kill the kobold!
No target in view!
No target in view!
No target in view!
No target in view!
No target in view!
No target in view!
No target in view!
Things that are here:
a +0 whip; a frilled lizard corpse
m - a fizzy purple potion
Found a stone staircase leading down.
You see here a ball python corpse.
Things that are here:
a +0 whip; a frilled lizard corpse
There is an escape hatch in the floor here.
Done exploring.
Done exploring.
No target in view!
Done exploring.
There is an escape hatch in the floor here.
There is a stone staircase leading down here.
You climb downwards.
There is a stone staircase leading up here.
Found 5 stones.
Found 4 stones.
A goblin comes into view. It is wielding a +0 dagger.
Found 8 gold pieces.
The goblin shouts!
A goblin is nearby!
A goblin is nearby!
You reach to attack!
You barely miss the goblin.
You reach to attack!
You hit the goblin. You hit the goblin.
You kill the goblin!
No target in view!
No target in view!
No target in view!
No target in view!
Your library has no spells.
Unknown command.
h - a ring of positive energy (left hand)
As you read the scroll labelled AFEUSY BIRGH, it crumbles to dust.
You feel strangely unstable.
It was a scroll of teleportation.
Sorry, you're not good enough to have a special ability.
Sorry, you're not good enough to have a special ability.
Unknown command.
Your surroundings suddenly seem different.
k - 2 scrolls labelled YLERUCK CODE (gained 1)
Found a stone staircase leading down.
Found a stone staircase leading up.
A hobgoblin comes into view.
A hobgoblin is nearby!
A hobgoblin is nearby!
You reach to attack!
The helpless hobgoblin fails to defend itself.
You hit the hobgoblin but do no damage. You closely miss the hobgoblin.
The hobgoblin hits you.
A hobgoblin is nearby!
You hit the hobgoblin but do no damage. The hobgoblin barely misses you.
You hit the hobgoblin. The hobgoblin is struck by your spines.
You kill the hobgoblin!
No target in view!
n - the +1 pair of boots of Weightlessness {Dex+5} Could not explore, unopened door.
Could not explore, unopened door.
You open the door.
There is an open door here.
Found a robe.
Found a stone staircase leading down.
There is a stone staircase leading down here.
You see here a +0 robe.
o - a sedimented ruby potion
There is a stone staircase leading up here.
There is a stone staircase leading up here.
There is a stone staircase leading down here.
You see here a hobgoblin corpse.
A worm comes into view.
A worm is nearby!
A worm is nearby!
A worm is nearby!
You reach to attack!
You hit the worm. You hit the worm. You hit the worm. The worm bites you.
You hit the worm. You hit the worm. The worm closely misses you.
You hit the worm. You completely miss the worm.
The worm is struck by your spines. The worm bites you.
You are too injured to fight recklessly!
You are too injured to fight recklessly!
You are too injured to fight recklessly!
You are too injured to fight recklessly!
You are too injured to fight recklessly!
A worm is nearby!
You hit the worm but do no damage. You hit the worm but do no damage.
The worm is struck by your spines. The worm bites you.
* * * LOW HITPOINT WARNING * * *
You hit the worm. The worm bites you!
You die...

#.# #.# ... #.# # #.# .#
#.##..# ## #######w....#
##.
.......@##.###########.#
.######.##.#........#.## #
#####.##.#.#.......##
#.##.................##
#........##.#.........##
#.####.#####...###...###.##
#....#.# #.....#######...#
#.####.## ##...## #[##.
#.####...# ##.## #.##.


You could see a worm.

Vanquished Creatures
  A dart slug (D:1)
  6 ball pythons (D:1)
  A bat (D:1)
  2 endoplasms (D:1)
  A goblin (D:2)
  2 hobgoblins
  A quokka (D:1)
  A frilled lizard (D:1)
  2 kobolds (D:1)
  A rat (D:1)
18 creatures vanquished.

Notes
Turn   | Place    | Note
-------+----------+-------------------------------------------
     0 | D:1      | CryoSword the Demonspawn Monk began the quest for the Orb.
     0 | D:1      | Reached XP level 1. HP: 18/18 MP: 1/1
   386 | D:1      | Gained mutation: You are partially covered in sharp spines.
                  | [demonic ancestry]
   386 | D:1      | Reached XP level 2. HP: 22/24 MP: 2/2
   545 | D:1      | Found a faded altar of an unknown god.
   822 | D:2      | Identified the +1 pair of boots of Weightlessness {Dex+5}
   969 | D:2      | Slain by a worm

Illustrated notes

Levels and vault maps discovered:
D:1:      dpeg_arrival_circle_labyrinth_c, layout_basic,
          nicolae_ecumenical_snake_handling
D:2:      layout_loops_corners, nrook_mini_backslash

Skill      XL: |  1 |
---------------+----+-----
Polearms       | 3 |  3.6
Fighting       | |  3.0
Dodging        | |  2.6
Stealth        | |  1.7

Action                     || total
---------------------------++-------
  Melee: Spear             ||    58
    Use: Scroll            ||     1
   Stab: Sleeping          ||     4
 Armour: Robe              ||     4
  Dodge: Dodged            ||    16

Table legend: (Time is in decaauts)
 A = Elapsed time spent in this place.
 B = Non-inter-level travel time spent in this place.
 C = Inter-level travel time spent in this place.
 D = Time resting spent in this place.
 E = Time spent auto-exploring this place.
 F = Levels seen in this place.
 G = Mean time per level.
                   A        B        C        D        E       F      G
               +--------+--------+--------+--------+--------+-----+--------+
         Total |    965 |    945 |     20 |      0 |    808 |   2 |  482.5 |
       Dungeon |    965 |    945 |     20 |      0 |    808 |   2 |  482.5 |
               +--------+--------+--------+--------+--------+-----+--------+

Top non-repeatable levels by time:
     D:1: 761 daAuts
     D:2: 203 daAuts
